 Dungeon Crawl Stone Soup version 0.18-a0-1196-g09327cf (webtiles) character file.

114 Oddball22 the Cutter (level 4, 0/23 HPs)
             Began as a Vine Stalker Artificer on Jan 30, 2016.
             Slain by a gnoll
             ... wielding a +0 spear
              (5 damage)
             ... on level 2 of the Dungeon.
             The game lasted 00:04:40 (1501 turns).

Oddball22 the Cutter (Vine Stalker Artificer)       Turns: 1501, Time: 00:04:40

Health: 0/23       AC:  3    Str: 13    XL:     4   Next: 98%
Magic:  0/7        EV: 12    Int: 12    God:
Gold:   133        SH:  0    Dex: 16    Spells: 0 memorised, 3 levels left

rFire  . . .     SeeInvis .     t - +2 dagger (venom)
rCold  . . .     Gourm    .     b - +0 leather armour
rNeg   + . .     Faith    .     (no shield)
rPois  .         Spirit   +     (no helmet)
rElec  .         Dismiss  .     (no cloak)
rCorr  .         Reflect  .     (no gloves)
SustAt .         Harm     .     (no boots)
MR     .....                    (no amulet)
Stlth  ++........               (no ring)
                                p - ring of positive energy

@: not resistant to hostile enchantments, unstealthy
A: fangs 2, regeneration 1, magic shield, antimagic bite, no device heal 3, rot
immunity
a: no special abilities


You were on level 2 of the Dungeon.
You were not hungry.

You visited 1 branch of the dungeon, and saw 2 of its levels.

You collected 133 gold pieces.

Inventory:

Hand Weapons
 t - a +2 dagger of venom (weapon)
Armour
 b - a +0 leather armour (worn)
Jewellery
 p - a ring of positive energy (left hand)
Wands
 c - a wand of flame (15/48)
 d - a wand of enslavement (15/24)
 e - a wand of random effects (15/48)
 s - a wand of teleportation (5/9)
Scrolls
 h - 6 scrolls of identify {unknown}
 i - a scroll of immolation {unknown}
 j - a scroll of amnesia {unknown}
 m - a scroll of random uselessness {unknown}
 n - a scroll of magic mapping {unknown}
 o - a scroll of enchant weapon {unknown}
 r - a scroll of teleportation {unknown}
Potions
 g - 2 potions of ambrosia {unknown}
 q - a potion of might {unknown}
Comestibles
 f - a bread ration
 k - 4 fruits
 l - 12 chunks of flesh


   Skills:
 + Level 2.0 Fighting
 * Level 3.1 Short Blades
 + Level 2.3 Dodging
 - Level 1.2 Stealth
 - Level 2.6 Evocations


You had 3 spell levels left.
You didn't know any spells.

Dungeon Overview and Level Annotations

Branches:
Dungeon (2/15)

Altars:


Innate Abilities, Weirdness & Mutations

You have extremely sharp teeth.
Your natural rate of healing is unusually fast.
When hurt, damage is shared between your health and your magic reserves.
Your bite disrupts and absorbs the magic of your enemies.
Potions and wands cannot restore your health.
You are immune to rotting.


Message History

The gnoll is lightly wounded.
The gnoll barely misses you.
You hit the gnoll.
The gnoll looks even sicker.
You bite the gnoll. You drain its power.
You feel invigorated.
The gnoll is heavily wounded.
The gnoll hits you but does no damage.
The gnoll hits you from afar with a spear.
You hit the gnoll.
You kill the gnoll!
Your Fighting skill increases to level 2!
The gnoll hits you from afar with a spear.
The goblin shouts!
You hear a shout!
The gnoll hits you from afar with a spear.
* * * LOW HITPOINT WARNING * * *
The gnoll misses you.
Things that are here:
a club; a gnoll corpse You closely miss the gnoll.
The gnoll hits you from afar with a spear!
You die...

#...## ##........#.###
##....#####.######......
#.........#.### ###.###
#.###.###.....# .... #.
#.#.......# #.
#.###.#.#.....#
#.#.....#.....#
#.#.#.###.....#
#.[..gg@...##...
....#.#g###..# .### .#
#..g..#[.# .# ###.#.#.##
#g#...# #.# #.# ... ...
.#. #### # #


You could see 2 gnolls and a goblin.

Vanquished Creatures
  Robin (D:2)
  A gnoll (D:2)
  3 adders
  2 worms (D:2)
  4 giant geckos (D:1)
  A giant cockroach (D:1)
  16 goblins
  7 hobgoblins
  4 jackals (D:2)
  7 kobolds
  3 bats (D:2)
  3 giant newts
  7 rats
59 creatures vanquished.

Notes
Turn   | Place    | Note
--------------------------------------------------------------
     0 | D:1      | Oddball22 the Vine Stalker Artificer began the quest for the Orb.
     0 | D:1      | Reached XP level 1. HP: 9/9 MP: 3/3
    82 | D:1      | Reached skill level 1 in Short Blades
   122 | D:1      | Reached skill level 1 in Fighting
   173 | D:1      | Reached XP level 2. HP: 8/14 MP: 1/5
   427 | D:1      | Reached XP level 3. HP: 15/18 MP: 4/6
  1132 | D:2      | Reached XP level 4. HP: 23/23 MP: 7/7
  1298 | D:2      | Noticed Robin
  1318 | D:2      | Killed Robin
  1321 | D:2      | Reached skill level 3 in Short Blades
  1501 | D:2      | Slain by a gnoll

Vault maps used:
D:1:      minmay_arrival_widening_spiral_wide
D:2:      minmay_misc_feat_roman, uniq_robin

Action                   |  1- 3 |  4- 6 || total
-------------------------+-------+-------++-------
Melee: Short sword       |   124 |    66 ||   190
       Dagger            |       |    16 ||    16
  Eat: Chunk             |     1 |     1 ||     2
